 Dungeon Crawl Stone Soup version 0.31.0-12-g77e489cdc1 (webtiles) character file.

Game seed: 13585175504160720207

1675 PriceMaster the Chiller (level 8, -1/82 (85) HPs)
             Began as a Demonspawn Ice Elementalist on Feb 27, 2024.
             Killed from afar by a steam dragon (18 damage)
             ... with a ball of steam
             ... on level 6 of the Dungeon.
             The game lasted 00:22:44 (10551 turns).

PriceMaster the Chiller (DsIE)                     Turns: 10551, Time: 00:22:44

HP:   -1/82 (85)    AC: 24    Str: 11    XL:     8   Next: 70%
MP:   1/16          EV:  2    Int: 15    God:
Gold: 246           SH:  0    Dex: 14    Spells: 5/18 levels left

rFire   . . .        u - +0 whip
rCold   . . .        (no shield)
rNeg    + . .        a - melded +0 robe
rPois   +            (helmet currently unavailable)
rElec   .            p - melded scarf {+Inv}
rCorr   .            (gloves currently unavailable)
SInv    .            (boots currently unavailable)
Will    .....        g - amulet of regeneration
Stlth   ++           t - ring of positive energy
HPRegen 1.13/turn    (no ring)
MPRegen 0.15/turn

%: no passive effects
@: mighty, agile, tree-form, unable to call your familiar, lightly drained
A: stationary, stasis, torment immunity, boosted hp, (hooves 1), (molten scales
1), powered by death 3, powered by pain 1
a: no special abilities


You were on level 6 of the Dungeon.
You were a tree.
You visited 1 branch of the dungeon, and saw 6 of its levels.
You also visited: Sewer.

You collected 246 gold pieces.

Inventory:

Hand Weapons
 c - a +0 dagger
 u - a +0 whip (weapon)
Missiles
 d - 3 throwing nets
Armour
 a - a +0 robe (melded)
 e - a +2 cloak
 o - a +0 ring mail
 p - a scarf of invisibility (melded)
 v - a +0 chain mail
Jewellery
 g - an amulet of regeneration (around neck)
 q - an amulet of the acrobat
 t - a ring of positive energy (left branch)
Talismans
 k - a beast talisman
Scrolls
 m - 2 scrolls of revelation {unknown}
 r - a scroll of teleportation {unknown}
 s - a scroll of fog {unknown}
 w - a scroll of enchant weapon {unknown}
 y - a scroll of fear {unknown}
 z - a scroll of vulnerability {unknown}
 A - a scroll of summoning {unknown}
Potions
 b - 2 potions of might
 f - a potion of enlightenment
 h - 6 potions of haste
 i - a potion of curing
 l - a potion of degeneration {unknown}
 n - a potion of berserk rage {unknown}
 x - a potion of lignification
 B - 2 potions of heal wounds {unknown}


   Skills:
 + Level 2.4 Fighting
 + Level 1.3 Short Blades
 + Level 2.2 Maces & Flails
 + Level 0.7 Armour
 + Level 3.4 Dodging
 + Level 3.2 Stealth
 + Level 5.7 Spellcasting
 + Level 1.6 Summonings
 + Level 6.1 Ice Magic
 * Level 3.4 Evocations
 - Level 0.1 Shapeshifting


You had 5 spell levels left.
You knew the following spells:

 Your Spells              Type           Power      Damage    Failure   Level
a - Freeze                Ice            88%        1d9       1%          1
b - Frozen Ramparts       Ice            44%        1d7       3%          3
c - Ozocubu's Armour      Ice            22%        N/A       3%          3
d - Summon Ice Beast      Ice/Summ       16%        N/A       9%          3
e - Call Canine Familiar  Summ           9%         N/A       22%         3

Your spell library contained the following spells:

 Spells                   Type           Power      Damage    Failure   Level
 Ensorcelled Hibernation  Hex/Ice        26%        N/A       6%          2
 Summon Small Mammal      Summ           36%        N/A       8%          1
 Call Imp                 Summ           18%        N/A       12%         2
 Apportation              Tloc           8%         N/A       16%         1
 Magic Dart               Conj           16%        1d3       16%         1
 Necrotise                Necr           16%        1d4       16%         1
 Sting                    Conj/Alch      16%        1d4       16%         1
 Blink                    Tloc           8%         N/A       22%         2
 Passwall                 Erth           4%         N/A       41%         3
 Sigil of Binding         Hex            4%         N/A       41%         3
 Swiftness                Air            4%         N/A       41%         3
 Dimensional Bullseye     Hex/Tloc       2%         N/A       83%         4


Dungeon Overview and Level Annotations

Branches:
Dungeon (6/15)             Temple (0/1) D:6           Sewer (visited)

Altars:
Qazlal

Shops:
D:5 [


Innate Abilities, Weirdness & Mutations

You are a tree.
Your roots penetrate the ground, keeping you stationary.
You cannot be teleported.
You are immune to unholy pain and torment.
Your maximum health is greatly increased.
Your equipment is partially melded.
((You have large cloven feet.))
((You are partially covered in molten scales. (AC +2)))
You regenerate a lot of health from kills.
You sometimes gain a little power by taking damage.


Message History

The heat melts your icy armour.
You hit the nameless horror but do no damage.
You kick the nameless horror, but do no damage.
The nameless horror is severely damaged.
You are engulfed in a cloud of scalding steam.
Your icy armour evaporates.
The steam dragon breathes steam at you. The ball of steam hits you!
* * * LOW HITPOINT WARNING * * *
You focus on the pain.
You feel very mighty all of a sudden.
The wall freezes the nameless horror.
The nameless horror hits you.
* * * LOW HITPOINT WARNING * * *
You feel your power leaking away. The heat melts your icy armour.
You feel better.
You are engulfed in a cloud of scalding steam.
The steam dragon bites you. The steam dragon claws you.
* * * LOW HITPOINT WARNING * * *
The wall freezes the nameless horror but does no damage.
The nameless horror hits you!
* * * LOW HITPOINT WARNING * * *
You focus on the pain.
You feel agile all of a sudden.
You feel your power leaking away.
Okay, then.
Okay, then.
You hit the nameless horror.
You destroy the nameless horror!
That felt strangely unrewarding.
The frozen ramparts melt away.
The steam dragon closely misses you. The steam dragon misses you.
It was a potion of lignification.
You turn into a tree.
Your scarf of invisibility melds into your body.
Your +0 robe melds into your body.
Your roots penetrate the ground.
The steam dragon bites you but does no damage.
The steam dragon claws you but does no damage.
You feel better. The steam dragon breathes steam at you.
The ball of steam hits you!!
You die...

..........# .. .........#
.. .......### ## ..
###.)....... #
...#>#.......#
#............##..#. .#
#............#.....##..
....###.D.............# .
#♣..............##
##(....####.......#
#..###'###.......##
##.#.....#.........
..#.##.#.⌠.⌠.#.........
........'..>..'.........
#.....####.⌠.⌠.#.........
..... #.....#......)))
##....######'###....†.#.†


You could see a steam dragon (catching breath).

Vanquished Creatures
  A nameless horror (D:6)
  An orc warrior (D:6)
  An ice beast (D:5)
  A centaur (D:5)
  2 kobold brigands (Sewer)
  A scorpion (D:5)
  A bombardier beetle (D:5)
  2 jellies
  2 orc priests
  3 hounds
  Jessica (D:2)
  6 iguanas
  Natasha (thrice) (D:3)
  An orc wizard (D:5)
  A sleepcap (D:5)
  7 gnolls (D:2)
  6 adders
  4 river rats (Sewer)
  A shadow imp (D:5)
  A white imp (D:6)
  2 ufetubi (D:5)
  A dart slug (D:2)
  3 ribbon worms
  12 orcs
  7 ball pythons
  11 bats
  11 endoplasms
  4 giant cockroaches
  3 goblins
  5 hobgoblins
  3 jackals (D:4)
  6 quokkas
  3 frilled lizards
  24 kobolds
  13 rats
154 creatures vanquished.

Vanquished Creatures (collateral kills)
  An ogre (D:6)
  A bullfrog (D:6)
  A scorpion (D:5)
  An orc wizard (D:4)
  An iguana (D:4)
  4 adders
  A river rat (Sewer)
  A white imp (D:5)
  An orc (D:5)
  An endoplasm (Sewer)
  3 ball pythons
  5 rats (Sewer)
21 creatures vanquished.

Vanquished Creatures (others)
  An orc wizard (D:5)
1 creature vanquished.

Grand Total: 176 creatures vanquished

Notes
Turn   | Place    | Note
-------+----------+-------------------------------------------
     0 | D:1      | PriceMaster the Demonspawn Ice Elementalist began the quest
                  | for the Orb.
     0 | D:1      | Reached XP level 1. HP: 13/13 MP: 3/3
   486 | D:1      | Reached skill level 4 in Ice Magic
   486 | D:1      | Gained mutation: You regenerate a little health from kills.
                  | [demonic ancestry]
   486 | D:1      | Reached XP level 2. HP: 17/19 MP: 5/5
   843 | D:1      | Gained mutation: You regenerate health from kills. [demonic
                  | ancestry]
   843 | D:1      | Reached XP level 3. HP: 24/24 MP: 6/6
  1025 | D:2      | Learned a level 3 spell: Frozen Ramparts
  1067 | D:2      | Reached XP level 4. HP: 29/31 MP: 0/7
  1254 | D:2      | Learned a level 3 spell: Ozocubu's Armour
  1704 | D:2      | Reached skill level 1 in Short Blades
  2011 | D:2      | Reached skill level 1 in Fighting
  2602 | D:2      | Noticed Jessica
  2620 | D:2      | Killed Jessica
  2621 | D:2      | Gained mutation: You regenerate a lot of health from kills.
                  | [demonic ancestry]
  2621 | D:2      | Reached XP level 5. HP: 37/37 MP: 0/9
  3704 | D:3      | Noticed Natasha
  3711 | D:3      | Killed Natasha
  3826 | D:3      | Noticed Natasha
  3842 | D:3      | Killed Natasha
  3843 | D:3      | Noticed Natasha
  3856 | D:3      | Killed Natasha
  4620 | D:3      | Gained mutation: You have large cloven feet. [demonic
                  | ancestry]
  4620 | D:3      | Reached XP level 6. HP: 16/40 MP: 3/10
  5089 | D:3      | Learned a level 3 spell: Summon Ice Beast
  5610 | D:4      | Found a stormy altar of Qazlal.
  5712 | D:4      | Reached skill level 5 in Ice Magic
  6313 | D:5      | Entered Level 5 of the Dungeon
  6327 | D:5      | Reached skill level 1 in Evocations
  6345 | D:5      | Gained mutation: You sometimes gain a little power by
                  | taking damage. [demonic ancestry]
  6345 | D:5      | Reached XP level 7. HP: 48/48 MP: 1/12
  6484 | D:5      | Reached skill level 1 in Summonings
  6687 | D:5      | Reached skill level 1 in Maces & Flails
  7826 | D:5      | Found Xued Erph's Armour Shoppe.
  7967 | D:6      | Gained mutation: You are partially covered in molten
                  | scales. (AC +2) [demonic ancestry]
  7967 | D:6      | Reached XP level 8. HP: 44/56 MP: 6/15
  8052 | D:6      | Found a glowing drain.
  8056 | Sewer    | Entered a sewer
  8138 | Sewer    | Reached skill level 5 in Spellcasting
  9166 | D:6      | Learned a level 3 spell: Call Canine Familiar
  9301 | D:6      | Reached skill level 6 in Ice Magic
 10514 | D:6      | Found a staircase to the Ecumenical Temple.
 10529 | D:6      | Noticed a nameless horror
 10549 | D:6      | Killed a nameless horror
 10551 | D:6      | Killed from afar by a steam dragon

Illustrated notes

Levels and vault maps discovered:
D:1:      dpeg_arrival_central, layout_basic
D:2:      layout_basic, uniq_jessica
D:3:      layout_rooms, uniq_natasha
D:4:      layout_basic, lemuel_round_altar
D:5:      layout_rooms, serial_shops, nicolae_shop_window_shopping
D:6:      layout_cave_pools, grunt_temple_overflow_order_and_chaos_2,
          lemuel_tele_altar, minmay_temple_entry_hall, gup_sewer_entry_spiral

Skill      XL: |  1  2  3  4  5  6  7  8 |
---------------+-------------------------+-----
Ice Magic      | 4 5 6 |  6.1
Stealth        | 2 3 |  3.2
Dodging        | 2 3 |  3.4
Short Blades   | 1 |  1.3
Fighting       | 1 2 |  2.4
Spellcasting   | 3 4 5 |  5.7
Evocations     | 1 2 3 |  3.4
Summonings     | 1 |  1.6
Maces & Flails | 1 2 |  2.2
Armour         | |  0.7
Shapeshifting  | |  0.1

Action                     |  1- 3 |  4- 6 |  7- 9 || total
---------------------------+-------+-------+-------++-------
  Melee: Dagger            |    91 |   160 |       ||   251
         Unarmed           |     1 |       |       ||     1
         Punch             |     2 |     2 |     1 ||     5
         Whip              |       |    40 |   207 ||   247
         Kick              |       |    13 |    71 ||    84
   Cast: Freeze            |    19 |    34 |    32 ||    85
         Frozen Ramparts   |     2 |    14 |    18 ||    34
         Ozocubu's Armour  |       |    19 |    23 ||    42
         Summon Ice Beast  |       |     6 |     8 ||    14
         Call Canine Famil |       |       |     2 ||     2
Ability: Evoke Invisibilit |       |     1 |       ||     1
    Use: Scroll            |     1 |       |     3 ||     4
         Potion            |       |     2 |     5 ||     7
   Stab: Sleeping          |     2 |     2 |     2 ||     6
         Distracted        |       |     1 |       ||     1
 Armour: Robe              |    81 |   108 |   162 ||   351
         Ring mail         |       |    58 |       ||    58
         Skin              |       |       |     3 ||     3
  Dodge: Dodged            |    80 |   169 |   201 ||   450
   Form: Beast             |       |     2 |       ||     2
                           |       |     2 |       ||     2
